 Dungeon Crawl Stone Soup version 0.31-a0-536-ga3e2962e35 (webtiles) character file.

Game seed: 13056542542122436898

133 Ethylacetat the Ducker (level 5, -5/36 HPs)
             Began as an Octopode Gladiator on Aug 13, 2023.
             Slain by a gnoll
             ... wielding a +0 flail
              (11 damage)
             ... on level 3 of the Dungeon.
             The game lasted 00:02:11 (1569 turns).

Ethylacetat the Ducker (Octopode Gladiator)         Turns: 1569, Time: 00:02:13

Health: -5/36      AC:  1    Str: 13    XL:     5   Next: 16%
Magic:  5/5        EV: 14    Int: 10    God:
Gold:   134        SH:  0    Dex: 16    Spells: 4/4 levels left

rFire   . . .        a - +0 long sword
rCold   . . .        (no shield)
rNeg    . . .        b - +0 hat
rPois   .            l - amulet of regeneration
rElec   .            q - ring of flight
rCorr   .            (no ring)
SInv    .            (no ring)
Will    .....        (no ring)
Stlth   +++          (no ring)
HPRegen 1.06/turn    (no ring)
MPRegen 0.09/turn    (no ring)
                     (no ring)

%: no passive effects
@: flying
A: almost no armour, amphibious, 8 rings, camouflage 1, gelatinous body 1,
(nimble swimmer 1), tentacles
a: no special abilities


You were on level 3 of the Dungeon.
You visited 1 branch of the dungeon, and saw 3 of its levels.

You collected 134 gold pieces.

Inventory:

Hand Weapons
 a - a +0 long sword (weapon)
Missiles
 c - 3 throwing nets (quivered)
 d - a javelin
Armour
 b - a +0 hat (worn)
Jewellery
 l - an amulet of regeneration (around mantle)
 q - a ring of flight (left tentacle)
Scrolls
 h - 2 scrolls of teleportation {unknown}
 i - 6 scrolls of identify {unknown}
 k - a scroll of immolation {unknown}
 m - a scroll of fog {unknown}
 n - a scroll of blinking {unknown}
 o - a scroll of acquirement {unknown}
 t - a scroll of revelation {unknown}
Potions
 e - a potion of enlightenment {unknown}
 f - a potion of curing {unknown}
 g - a potion of brilliance {unknown}
 j - 2 potions of degeneration {unknown}
 p - 5 potions of mutation {unknown}
 r - a potion of ambrosia {unknown}
 s - a potion of might {unknown}


   Skills:
 + Level 3.1 Fighting
 + Level 3.8 Long Blades
 - Level 2.0 Throwing
 + Level 3.8 Dodging
 + Level 3.1 Stealth


You had 4 spell levels left.
You didn't know any spells.
Your spell library contained the following spells:

 Spells                   Type           Power      Damage    Failure   Level
 Summon Forest            Summ/Tloc      0%         N/A       100%        5
 Eringya's Noxious Bog    Tmut/Pois      0%         4d6       100%        6
 Summon Hydra             Summ           0%         N/A       100%        7


Dungeon Overview and Level Annotations

Branches:
Dungeon (3/15)

Altars:

Shops:
D:1 *   D:3 !


Innate Abilities, Weirdness & Mutations

You cannot wear most types of armour.
You are amphibious.
You can wear up to eight rings at the same time.
Your skin changes colour to match your surroundings (Stealth+).
Your rubbery body absorbs attacks. (AC +1, EV +1)
((You are camouflaged when in or above water. (Stealth+)))
You have tentacles for arms and can constrict up to eight enemies at once.


Message History

Things that are here:
a +0 spear; a gnoll corpse You hit the gnoll.
You grab the gnoll.
The gnoll is lightly wounded.
You constrict the gnoll.
The gnoll hits you from afar with a +0 halberd.
The gnoll hits you with a +0 spear!
You slash the gnoll!
The gnoll is almost dead.
You constrict the gnoll, but do no damage.
The gnoll barely misses you. The gnoll closely misses you.
The gnoll misses you. The gnoll barely misses you.
You hit the gnoll but do no damage.
The gnoll is almost dead.
You constrict the gnoll.
You kill the gnoll!
The gnoll closely misses you.
Your Stealth skill increases to level 3!
You have reached level 5!
You feel agile. The goblin attacks as you move away!
The goblin barely misses you.
You closely miss the goblin. Your grab misses the goblin.
You squeeze the goblin.
The goblin is severely wounded.
The goblin hits you but does no damage.
You slash the goblin!
You kill the goblin!
The gnoll hits you with a +0 halberd!
You see here a +0 club.
You hit the gnoll. You grab the gnoll.
The gnoll is heavily wounded.
You constrict the gnoll. The gnoll completely misses you.
You slash the gnoll!
You kill the gnoll!
The gnoll hits you with a +0 flail!
* * * LOW HITPOINT WARNING * * *
You barely miss the gnoll. You grab the gnoll. You squeeze the gnoll!
The gnoll is heavily wounded.
You constrict the gnoll. The gnoll hits you with a +0 flail!
You die...

.......# #.##.#
..####.# #g##.#
#.####.####### #g##.#
#...##.......# #g##.#
###.##.......# #g##.#
#.##.......# #.##.#
#.........## #.##.#
######....#######.##.#
#....#...@g).##.#
##.....########.#
######>#### #.#
...........# #.#
#############.# #.#
......†##..<#.# #.#
######.##.###.# #.#
.....#.##.# #.# #.#
#......# #.# #.#


You could see a gnoll.

Vanquished Creatures
  3 gnolls (D:3)
  4 adders
  A worm (D:2)
  A dart slug (D:1)
  6 bats
  2 endoplasms
  2 giant cockroaches (D:2)
  5 goblins
  8 hobgoblins
  8 quokkas
  6 ball pythons
  5 frilled lizards
  4 kobolds
  7 rats
62 creatures vanquished.

Notes
Turn   | Place    | Note
-------+----------+-------------------------------------------
     0 | D:1      | Ethylacetat the Octopode Gladiator began the quest for the
                  | Orb.
     0 | D:1      | Reached XP level 1. HP: 14/14 MP: 1/1
    72 | D:1      | Reached XP level 2. HP: 14/19 MP: 2/2
    73 | D:1      | Reached skill level 1 in Stealth
   289 | D:1      | Found Yfit's General Store.
   300 | D:1      | Reached XP level 3. HP: 22/25 MP: 3/3
   862 | D:2      | Reached XP level 4. HP: 30/30 MP: 4/4
  1295 | D:3      | Found Yskuips's Distillery.
  1562 | D:3      | Reached XP level 5. HP: 18/36 MP: 5/5
  1569 | D:3      | Slain by a gnoll

Illustrated notes

Levels and vault maps discovered:
D:1:      psy_arrival_conway, layout_rooms, serial_shops, shop,
          minmay_pentomino_t4
D:2:      layout_basic, minmay_distorted
D:3:      layout_basic, serial_shops, shop, shapermc_ecumenical_altar_rom_forum,
          uniq_natasha

Skill      XL: |  1  2  3  4 |
---------------+-------------+-----
Stealth        | 1 2 3 |  3.1
Fighting       | 3 |  3.1
Long Blades    | |  3.8
Throwing       | |  2.0
Dodging        | |  3.8

Action                     |  1- 3 |  4- 6 || total
---------------------------+-------+-------++-------
  Melee: Long sword        |    61 |    50 ||   111
         Constrict         |    15 |    16 ||    31
         Tentacles         |    11 |    10 ||    21
         Punch             |     3 |       ||     3
   Stab: Sleeping          |     4 |     5 ||     9
 Armour: Skin              |     6 |     4 ||    10
  Dodge: Dodged            |    46 |    34 ||    80

Table legend: (Time is in decaauts)
 A = Elapsed time spent in this place.
 B = Non-inter-level travel time spent in this place.
 C = Inter-level travel time spent in this place.
 D = Time resting spent in this place.
 E = Time spent auto-exploring this place.
 F = Levels seen in this place.
 G = Mean time per level.
                   A        B        C        D        E       F      G
               +--------+--------+--------+--------+--------+-----+--------+
         Total |   1593 |   1558 |     35 |      0 |   1172 |   3 |  531.0 |
       Dungeon |   1593 |   1558 |     35 |      0 |   1172 |   3 |  531.0 |
               +--------+--------+--------+--------+--------+-----+--------+

Top non-repeatable levels by time:
     D:1: 631 daAuts
     D:2: 596 daAuts
     D:3: 365 daAuts
